 Dungeon Crawl Stone Soup version 0.28-a0-556-gab23d0e057 (webtiles) character file.

Game seed: 15752552435876519026

1908 robertstho the Thaumaturge (level 9, -8/62 HPs)
             Began as a Djinni Fire Elementalist on Sept 28, 2021.
             Mangled by an orc warrior (17 damage)
             ... on level 7 of the Dungeon.
             The game lasted 00:09:29 (8952 turns).

robertstho the Thaumaturge (DjFE)                   Turns: 8952, Time: 00:09:30

Health: -8/62      AC:  8    Str: 13    XL:     9   Next: 38%
Gold:   264        EV: 11    Int: 20    God:
                   SH:  0    Dex: 14

rFire   + + .      SeeInvis .   e - +0 long sword
rCold   x . .      Faith    .   (no shield)
rNeg    . . .      Spirit   .   y - +0 swamp dragon scales
rPois   ∞          Reflect  .   (no helmet)
rElec   .          Harm     .   (no cloak)
rCorr   .          Rampage  .   o - +0 pair of gloves
Will    .....                   (boots unavailable)
Stlth   +.........              (no amulet)
HPRegen 0.20/turn               q - +6 ring of strength
MPRegen 0.00/turn               (no ring)

@: flying
A: sickness immunity, fire resistance 2, cold vulnerability 1, float, innate
caster, hp casting, extra vitality 1
a: no special abilities


You were on level 7 of the Dungeon.
You visited 1 branch of the dungeon, and saw 7 of its levels.

You collected 264 gold pieces.

Inventory:

Hand Weapons
 c - a +0 short sword
 e - a +0 long sword (weapon)
Armour
 o - a +0 pair of gloves (worn)
 y - +0 swamp dragon scales (worn)
 A - a +2 robe of willpower
Jewellery
 q - a +6 ring of strength (left hand)
Wands
 l - a wand of polymorph (8)
Scrolls
 d - 3 scrolls of fear
 u - a scroll of summoning
 v - a scroll of brand weapon
 x - a scroll of magic mapping {unknown}
Potions
 b - a potion of degeneration {unknown}
 f - a potion of berserk rage {unknown}
 g - 2 potions of curing {unknown}
 h - a potion of haste {unknown}
 j - 2 potions of ambrosia {unknown}
 k - a potion of lignification {unknown}
 n - 2 potions of brilliance {unknown}
 p - 2 potions of heal wounds {unknown}
 r - a potion of cancellation {unknown}
 s - a potion of mutation {unknown}
 t - a potion of might {unknown}
 z - a potion of magic {unknown}


   Skills:
 * Level 4.0 Fighting
 + Level 2.5 Dodging
 + Level 2.1 Stealth
 * Level 8.6 Spellcasting


You had 4 spell levels left.
You knew the following spells:

 Your Spells              Type           Power      Damage    Failure   Level
a - Foxfire               Conj/Fire      100%       2x1d9     1%          1
b - Scorch                Fire           86%        2d9       1%          2
c - Conjure Flame         Conj/Fire      43%        6-21      1%          3
d - Inner Flame           Hex/Fire       43%        N/A       1%          3
e - Flame Wave            Conj/Fire      43%        3d9       4%          4
f - Shock                 Conj/Air       100%       1d9       1%          1
g - Wereblood             Tmut           43%        N/A       1%          2
h - Ensorcelled Hibernat  Hex/Ice        86%        N/A       1%          2
i - Ozocubu's Armour      Ice            43%        N/A       1%          3
Your spell library was empty.

Dungeon Overview and Level Annotations

Branches:
Dungeon (7/15)
 Temple: D:4-7

Altars:
Ashenzari
Fedhas
Okawaru
Trog
Xom
Zin
The Shining One

Shops:
D:1 =   D:3 :*


Innate Abilities, Weirdness & Mutations

You are immune to sickness and miasma.
You are immune to poison.
Your flesh is very heat resistant. (rF++)
You are vulnerable to cold. (rC-)
You float through the air rather than walking.
You learn spells naturally, not from books.
Your magical power is your life essence.
You have superior vitality. (+4 HP)


Message History

Flames lash the orc.
You kill the orc!
The foxfire hits the orc but does no damage.
The orc is lightly wounded.
The foxfire hits the orc!
You kill the orc!
The foxfire hits the orc warrior!
The orc warrior is moderately wounded.
Casting: Scorch (safe; 1% risk of failure)
Confirm with . or Enter, or press ? or * to list all spells.
Flames lash the orc warrior but do no damage.
The orc warrior hits you from afar with a +0 trident.
Unknown command.
Casting: Scorch (safe; 1% risk of failure)
Confirm with . or Enter, or press ? or * to list all spells.
Flames lash something.
Something hits you but does no damage.
The orc warrior throws a boomerang.
Unknown command.
Casting: Scorch (safe; 1% risk of failure)
Confirm with . or Enter, or press ? or * to list all spells.
Flames lash something.
Reactivating autopickup.
You feel a bit more experienced.
The orc warrior throws a boomerang.
The boomerang hits you but does no damage.
Unknown command.
Casting: Scorch (safe; 1% risk of failure)
Confirm with . or Enter, or press ? or * to list all spells.
Flames lash the orc.
You kill the orc!
The orc warrior hits you from afar with a +0 trident!
* * * LOW HITPOINT WARNING * * *
Casting: Scorch (safe; 1% risk of failure)
Confirm with . or Enter, or press ? or * to list all spells.
Flames lash the orc warrior.
The orc warrior is heavily wounded.
The orc warrior's fire resistance burns away.
* * * LOW HITPOINT WARNING * * *
The orc warrior throws a boomerang.
The boomerang misses you.
The orc warrior hits you from afar with a +0 trident!
You die...

##########
#.@)......
#..)o.....
#.........
#.........
#.........
...#+#####
...# ....#


You could see an orc warrior (combustible).

Vanquished Creatures
  Maggie (D:6)
  An ogre (D:3)
  A phantom (D:6)
  A kobold brigand (D:6)
  A scorpion (D:4)
  4 killer bees (D:4)
  5 howler monkeys
  A bullfrog zombie (D:5)
  A centaur zombie (D:5)
  A hound (D:3)
  6 orc priests
  A bullfrog skeleton (D:5)
  A centaur skeleton (D:5)
  2 iguanas (D:6)
  8 orc wizards
  13 gnolls (D:3)
  8 adders
  A shadow imp (D:6)
  2 ufetubi (D:6)
  A worm (D:2)
  48 orcs
  4 endoplasms
  2 giant cockroaches
  5 goblins
  4 hobgoblins
  17 jackals
  A quokka (D:2)
  8 ball pythons
  5 bats
  4 frilled lizards
  A goblin skeleton (D:6)
  2 goblin zombies (D:6)
  2 hobgoblin zombies (D:6)
  12 kobolds
  A kobold zombie (D:6)
  An orc zombie (D:6)
  9 rats
186 creatures vanquished.

Vanquished Creatures (collateral kills)
  A foxfire (D:3)
1 creature vanquished.

Vanquished Creatures (others)
  479 foxfires
  3 plants (D:3)
482 creatures vanquished.

Grand Total: 669 creatures vanquished

Notes
Turn   | Place    | Note
-------+----------+-------------------------------------------
     0 | D:1      | robertstho the Djinni Fire Elementalist began the quest for
                  | the Orb.
     0 | D:1      | Reached XP level 1. HP: 15/15 MP: 0/0
   484 | D:1      | Found Nesoir's Jewellery Emporium.
   567 | D:1      | Reached XP level 2. HP: 18/21 MP: 0/0
  1340 | D:1      | Reached skill level 3 in Spellcasting
  1611 | D:2      | Reached XP level 3. HP: 25/26 MP: 0/0
  1611 | D:2      | Learned a level 1 spell: Shock
  2493 | D:2      | Reached skill level 1 in Fighting
  2549 | D:2      | Reached XP level 4. HP: 28/32 MP: 0/0
  3160 | D:3      | Found Benaq's Book Shop.
  3214 | D:3      | Reached XP level 5. HP: 31/37 MP: 0/0
  3214 | D:3      | Learned a level 2 spell: Wereblood
  3223 | D:3      | Reached skill level 4 in Spellcasting
  3630 | D:3      | Found Ozxoedd's Assorted Antiques.
  3769 | D:3      | Reached XP level 6. HP: 26/42 MP: 0/0
  4478 | D:3      | Reached skill level 5 in Spellcasting
  4767 | D:3      | Reached XP level 7. HP: 37/49 MP: 0/0
  4767 | D:3      | Learned a level 2 spell: Ensorcelled Hibernation
  5091 | D:3      | Reached skill level 6 in Spellcasting
  5561 | D:3      | Reached XP level 8. HP: 54/55 MP: 0/0
  5610 | D:3      | Found a blossoming altar of Fedhas.
  5611 | D:3      | Found an iron altar of Okawaru.
  6056 | D:4      | Found a glowing silver altar of Zin.
  6755 | D:4      | Found a shimmering altar of Xom.
  6756 | D:4      | Found a broken altar of Ashenzari.
  6760 | D:4      | Found a bloodstained altar of Trog.
  7014 | D:4      | Reached skill level 7 in Spellcasting
  7263 | D:5      | Entered Level 5 of the Dungeon
  7715 | D:5      | Identified the +7 shortbow of Quitor {freeze, rElec rCorr
                  | Int-3 Dex+4}
  8371 | D:6      | Reached XP level 9. HP: 50/62 MP: 0/0
  8371 | D:6      | Learned a level 3 spell: Ozocubu's Armour
  8383 | D:6      | Reached skill level 8 in Spellcasting
  8581 | D:6      | Found a glowing golden altar of the Shining One.
  8879 | D:6      | Noticed Maggie
  8896 | D:6      | Killed Maggie
  8952 | D:7      | Mangled by an orc warrior

Illustrated notes

Levels and vault maps discovered:
D:1:      dpeg_arrival_rooms_b, layout_basic, serial_shops, shop_fountains
D:2:      layout_loops_corners, chequers_serial_rivers_large_a,
          kennysheep_small_spiral
D:3:      lemuel_castle_with_subvaults [lemuel_castle_interior_carwin_2],
          layout_rooms, mainiacjoe_overflow_divided_tiny, serial_shops, shop,
          nicolae_shop_stone
D:4:      layout_loops_corners, lemuel_tele_altar,
          nicolae_overflow_hidden_temple
D:5:      cheibrodos_quashed, layout_loops_ring
D:6:      layout_cave_pools, nicolae_tso_besieged_by_evil,
          minmay_temple_entry_offerings, serial_park_tiny_2, uniq_maggie
D:7:      layout_gridville

Skill      XL: |  1  2  3  4  5  6  7  8  9 |
---------------+----------------------------+-----
Spellcasting   | 3 4 5 6 7 8 |  8.6
Fighting       | 1 2 3 4 |  4.0
Stealth        | 2 |  2.1
Dodging        | |  2.5

Action                   |  1- 3 |  4- 6 |  7- 9 || total
-------------------------+-------+-------+-------++-------
Melee: Long sword        |     1 |       |     3 ||     4
 Cast: Foxfire           |    93 |    94 |   102 ||   289
       Scorch            |     1 |    34 |    95 ||   130
       Flame Wave        |       |       |     9 ||     9
       Ensorcelled Hiber |       |       |     2 ||     2
       Wereblood         |       |       |     2 ||     2
  Use: Scroll            |       |       |     5 ||     5
Armor: Robe              |     2 |     1 |     8 ||    11
       Swamp dragon scal |       |       |     2 ||     2
Dodge: Dodged            |     9 |    18 |    42 ||    69

Table legend: (Time is in decaauts)
 A = Elapsed time spent in this place.
 B = Non-inter-level travel time spent in this place.
 C = Inter-level travel time spent in this place.
 D = Time resting spent in this place.
 E = Time spent auto-exploring this place.
 F = Levels seen in this place.
 G = Mean time per level.
                   A        B        C        D        E       F      G
               +--------+--------+--------+--------+--------+-----+--------+
         Total |   8952 |   8736 |    216 |    621 |   7163 |   7 | 1278.9 |
       Dungeon |   8952 |   8736 |    216 |    621 |   7163 |   7 | 1278.9 |
               +--------+--------+--------+--------+--------+-----+--------+

Top non-repeatable levels by time:
     D:3: 2625 daAuts
     D:1: 1606 daAuts
     D:4: 1525 daAuts
     D:2: 1520 daAuts
     D:5: 1155 daAuts
     D:6: 507 daAuts
     D:7: 10 daAuts
